 Dungeon Crawl Stone Soup version 0.19-a0 (webtiles) character file.

406283 inmateoo the Wrestler (level 22, -5/189 HPs)
             Began as a Troll Ice Elementalist on Apr 27, 2016.
             Was a High Priest of Cheibriados.
             Slain by a merfolk javelineer
             ... wielding a +4 spear of distortion
              (15 damage)
             ... on level 4 of the Shoals.
             The game lasted 02:03:00 (41645 turns).

inmateoo the Wrestler (Troll Ice Elementalist)     Turns: 41645, Time: 02:03:01

Health: -5/189     AC: 28    Str: 42    XL:     22   Next: 38%
Magic:  24/33      EV: 14    Int: 25    God:    Cheibriados [*****.]
Gold:   5124       SH: 24    Dex: 23    Spells: 8 memorised, 9 levels left

rFire  . . .     SeeInvis +       - Unarmed
rCold  . . .     Gourm    +     b - +0 storm dragon armour
rNeg   . . .     Faith    .     Q - +1 shield {AC+3}
rPois  +         Spirit   .     K - +2 hat {SInv}
rElec  +         Dismiss  .     a - +2 cloak
rCorr  .         Reflect  +     (gloves unavailable)
SustAt .         Harm     .     (boots unavailable)
MR     ++...                    V - brooch of Shielding {Reflect SH+8}
Stlth  ..........               H - ring of poison resistance
                                C - ring of protection from magic

@: lethally poisoned (-5 -> -5), engulfed (cannot breathe), very slow, very
resistant to hostile enchantments, extremely unstealthy
A: unfitting armour, claws 3, horns 1, talons 1, molten scales 1, blink, clumsy
1, fast metabolism 3, frail 1, gourmand, mutation resistance 2, regeneration 3,
shaggy fur 2, tough skin 2, wild magic 1, MP-powered wands
a: Blink, Bend Time, Temporal Distortion, Slouch, Step From Time, Renounce
Religion
}: 2/15 runes: serpentine, barnacled


You were on level 4 of the Shoals.
You worshipped Cheibriados.
Cheibriados was extremely pleased with you.
You were very full.

You visited 6 branches of the dungeon, and saw 38 of its levels.
You also visited: Labyrinth and Bailey.

You collected 6111 gold pieces.
You spent 957 gold pieces at shops.

Inventory:

Missiles
 P - 103 large rocks (quivered)
Armour
 a - a +2 cloak (worn)
 b - a +0 storm dragon armour (worn)
 K - a +2 hat of see invisible (worn)
 Q - a +1 shield of protection (worn)
 R - the +0 faerie dragon armour {rF+ Int+3}
   (You took it off the Enchantress on level 1 of the Depths)

   It affects your intelligence (+3).
   It protects you from fire.
Rods
 S - a +2 rod of shadows (10/10)
   (You found it in a labyrinth)
 Y - a +3 rod of inaccuracy (11/11)
   (You found it on level 8 of the Lair of Beasts)
Jewellery
 p - an uncursed ring of protection from fire
 q - an uncursed ring of resist corrosion
 v - an uncursed ring of positive energy
 w - the ring "Nihar" {rF+ rN++, unknown}
   (You took it off a merfolk on level 4 of the Shoals)

   [ring of protection from fire]

   It protects you from fire.
   It greatly protects you from negative energy.
 y - an uncursed ring of protection from cold
 C - a ring of protection from magic (left claw)
 H - a ring of poison resistance (right claw)
 M - an uncursed ring of protection from magic
 O - the ring of the Marlin {SustAt Int-3 Dex+9}
   (You took it off a yaktaur on level 1 of the Depths)

   [ring of sustain attributes]

   It sustains your strength, intelligence and dexterity.
   It affects your intelligence (-3).
   It affects your dexterity (+9).
 V - the brooch of Shielding (around neck) {Reflect SH+8}
   (You found it in a labyrinth)

   [amulet of reflection]

   It shields you and reflects attacks.
   It affects your SH (+8).
Wands
 G - a wand of disintegration (12/24)
 I - a wand of lightning (5/15)
 Z - a wand of digging (1/24)
Scrolls
 j - 12 scrolls of teleportation
 m - 6 scrolls of magic mapping
 o - 12 scrolls of fog
 r - 25 scrolls of remove curse
 s - 8 scrolls of recharging
 u - 12 scrolls of identify
 x - 4 scrolls of blinking
 z - 6 scrolls of amnesia
 J - 3 scrolls of enchant armour
 N - 7 scrolls of fear
Potions
 d - 2 potions of might
 e - 2 potions of agility
 f - 2 potions of cancellation
 h - 17 potions of curing
 i - 3 potions of resistance
 k - 2 potions of lignification
 l - 3 potions of cure mutation
 t - 4 potions of heal wounds
 A - 6 potions of brilliance
 B - 3 potions of flight
 D - a potion of mutation
 F - 2 potions of ambrosia
 L - 4 potions of magic
Books
 E - the Grimoire of Dark Fire
   (You found it on level 4 of the Shoals)

   Spells                             Type                      Level
   a - Animate Skeleton               Necromancy                   1
   b - Pain                           Necromancy                   1
   c - Throw Flame                    Conjuration/Fire             2
   d - Bolt of Magma                  Conjuration/Fire/Earth       5
   e - Ring of Flames                 Charms/Fire                  7
Miscellaneous
 T - a stone of tremors
Comestibles
 c - 24 bread rations
 g - a slice of pizza
 n - 17 meat rations
 W - 18 fruits


   Skills:
 - Level 11.5 Fighting
 - Level 15.2 Throwing
 - Level 10.4 Armour
 - Level 8.0 Dodging
 - Level 1.1 Stealth
 - Level 10.2 Shields
 + Level 21.5 Unarmed Combat
 * Level 8.3 Spellcasting
   Level 0.6 Conjurations
 - Level 2.6 Translocations
 * Level 4.4 Transmutations
 - Level 2.1 Ice Magic
 * Level 4.7 Earth Magic
 - Level 8.8 Invocations
 - Level 7.5 Evocations


You had 9 spell levels left.
You knew the following spells:

 Your Spells              Type           Power        Failure   Level  Hunger
a - Regeneration          Chrm/Necr      ##........   58%         3    None
b - Ozocubu's Armour      Chrm/Ice       ###.....     43%         3    None
c - Apportation           Tloc           ####......   12%         1    None
d - Summon Butterflies    Summ           ##......     24%         1    None
e - Dragon Form           Trmt           #####.....   100%        7    #######
f - Freeze                Ice            ####         14%         1    None
g - Deflect Missiles      Chrm/Air       ##........   100%        6    ######.
h - Statue Form           Trmt/Erth      #####....    100%        6    ######.


Dungeon Overview and Level Annotations

Branches:
Dungeon (15/15)            Temple (0/1) D:5            Lair (8/8) D:10
 Shoals (4/4) Lair:3        Snake (4/4) Lair:3        Slime (0/6) Lair:8
    Orc (2/2) D:12            Elf (0/3) Orc:2        Vaults (0/5) D:14
 Depths (5/5) D:15            Zot (0/5) Depths:5

Altars:
Ashenzari
Cheibriados
Dithmenos
Elyvilon
Fedhas
Gozag
Kikubaaqudgha
Makhleb
Nemelex Xobeh
Okawaru
Qazlal
Ru
Sif Muna
Trog
Vehumet
Yredelemnul
Beogh
Jiyva
Lugonu

Shops:
Orc:2 =(*[   Snake:1 ?*   Depths:1 [

Portals:
Hell: Depths:1 Depths:2 Depths:3 Depths:4 Depths:5
Abyss: Depths:1 Depths:4 Depths:5
Pandemonium: Depths:2 Depths:3
Ziggurat: Depths:2

Annotations:
Lair:1 exclusion: oklob plant
Shoals:4 Ilsuiw
Depths:2 1 exclusion


Innate Abilities, Weirdness & Mutations

You are too large for most types of armour.
You have claws for hands.
Your metabolism is lightning-fast.
You like to eat raw meat.
You regenerate.
You are covered in thick fur (AC +2).
You have very tough skin (AC +2).
You have a pair of small horns on your head.
You have sharp toenails.
You are partially covered in molten scales (AC +1).
You can translocate small distances at will.
You are clumsy. (Dex -2)
You are frail (-10% HP).
You are somewhat resistant to both further mutation and mutation removal.
Your spells are a little harder to cast, but a little more powerful.
You expend magic power (3 MP) to strengthen your wands.


Message History

The water elemental hits you!
* * * LOW HITPOINT WARNING * * *
The water elemental hits you.
* * * LOW HITPOINT WARNING * * *
Ilsuiw closely misses you.
The water elemental completely misses you.
The merfolk javelineer barely misses you.
You block the water elemental's attack. The water elemental misses you.
You see here a javelin.
Unknown command.
Unknown command.
You can feel time thicken for a moment.
You feel somewhat less full.
Cheibriados lowers the support of your attributes as your movement quickens.
* * * LOW HITPOINT WARNING * * *
Your lungs strain for air!
You feel sick. You block Ilsuiw's attack.
You block the water elemental's attack.
The merfolk javelineer hits you but does no damage.
Space warps horribly around you!
You die...

≈............P.≈P≈≈≈≈≈≈≈≈≈≈≈≈≈≈≈≈
≈≈..P.......).P≈≈≈≈≈P≈≈≈≈≈≈≈≈≈≈≈≈
≈≈.........(..P≈≈≈≈P≈≈≈≈≈≈≈≈(≈≈≈≈
≈≈......≈....≈)≈≈≈P≈≈≈≈≈≈≈≈≈≈≈≈≈≈
P...≈≈..≈=≈≈≈≈≈≈≈≈≈P≈≈≈≈≈≈≈≈≈<≈≈≈
≈≈≈≈≈≈≈≈≈≈)≈≈≈≈≈≈≈≈≈≈≈≈≈≈≈≈≈≈≈≈≈≈
..≈≈≈≈≈≈≈≈≈≈P≈≈≈P≈≈≈≈≈≈≈≈≈≈≈≈(≈≈≈
...≈≈≈≈≈≈≈≈≈≈≈≈≈≈Pm≈≈≈≈≈≈≈≈mmmm≈≈
..P†≈≈≈≈≈≈≈≈≈≈≈≈@Em≈≈≈≈≈≈≈≈≈((≈≈≈
PP)P.≈≈≈(≈≈≈≈≈(≈EEm≈§(≈.(≈≈≈≈E≈≈≈
.).)P...≈P≈≈≈≈≈≈≈≈≈≈≈≈≈..≈≈≈≈≈###
.P)..P..≈≈≈≈≈≈≈≈≈≈≈≈§≈≈≈≈≈≈≈#≈≈≈
.)P....P≈P≈≈≈≈≈≈≈≈≈≈≈≈≈≈≈≈≈#≈#(≈≈
........≈≈≈≈P≈≈≈≈≈≈≈≈≈≈≈≈≈≈.# ≈≈#
........PP≈≈≈≈≈≈≈≈≈≈≈≈≈≈≈≈#≈. ≈≈≈
≈...P...P≈≈[≈≈≈≈≈≈≈≈≈≈≈≈≈≈# . ≈≈#
≈≈...P.P≈≈≈≈≈≈≈≈≈≈≈≈≈≈≈≈≈≈# #≈


You could see Ilsuiw (invisible), a merfolk impaler, a merfolk javelineer and 3
water elementals.

Vanquished Creatures
  2 juggernauts (Depths:5)
  Vashnia (Snake:2)
  the Enchantress (Depths:1)
  Jory (Depths:5)
  A caustic shrike (Depths:3)
  2 tentacled monstrosities (Depths:3)
  The ghost of feelmyfire the Fencer, an adept MiFi of Okawaru (Shoals:2)
  3 liches
  A titan (Depths:3)
  A quicksilver dragon (Depths:4)
  A kraken (Shoals:4)
  Frances (Snake:1)
  3 sphinxes (Depths:3)
  Gastronok (D:11)
  4 tengu reavers
  Kirke (Shoals:1)
  A storm dragon (Depths:5)
  7 greater nagas
  3 shadow dragons
  Roxanne (Shoals:1)
  An azure jelly (shapeshifter) (Depths:4)
  10 frost giants
  6 fire giants
  An iron dragon (Depths:5)
  Donald (Snake:1)
  Aizul (Snake:1)
  A draconian knight (Depths:5)
  A draconian shifter (Depths:5)
  A ghost moth (Lair:5)
  5 spriggan defenders
  The ghost of Chiseanne the Fighter, a journeyman TrMo of Okawaru (Orc:2)
  15 stone giants
  26 very ugly things
  A vampire knight (Depths:2)
  A spark wasp (Depths:3)
  2 lorocyprocas (Depths:4)
  A black draconian (Depths:5)
  9 ettins
  A white draconian (Depths:5)
  A yellow draconian (Depths:5)
  A merfolk javelineer (Shoals:2)
  Josephine (D:12)
  5 vault guards (D:14)
  A crystal guardian (Depths:4)
  A fire dragon (shapeshifter) (Depths:4)
  3 jiangshi (Depths:1)
  Snorg (Orc:2)
  7 merfolk impalers
  A minotaur (Lab)
  3 yaktaur captains
  5 entropy weavers
  9 fire dragons
  6 great orbs of eyes
  13 hydras
  11 ice dragons
  8 spriggan air magi
  6 catoblepae
  12 naga warriors
  An ice dragon (shapeshifter) (Depths:4)
  10 rakshasas
  3 death knights
  A ghost crab (shapeshifter) (Depths:3)
  2 merfolk avatars
  10 anacondas
  3 centaur warriors
  A satyr (Shoals:4)
  Erica (D:11)
  A vampire mage (Depths:1)
  14 death yaks
  7 tengu warriors
  5 ogre magi
  10 deep troll shamans
  11 deep troll earth magi
  Urug (D:11)
  3 dancing weapons (Depths:4)
  17 naga sharpshooters
  An orc high priest (Orc:1)
  3 spriggan berserkers
  9 shock serpents
  5 iron trolls
  8 hell knights
  A soul eater (Depths:2)
  5 salamander mystics
  2 fire crabs (Depths:4)
  5 giant orange brains
  6 naga ritualists
  13 sea snakes
  A flayed ghost (Depths:3)
  3 unseen horrors
  26 deep trolls
  2 phantasmal warriors (Depths:2)
  A deep troll (shapeshifter) (Depths:4)
  13 hill giants
  A lindwurm (shapeshifter) (Depths:3)
  11 harpies
  7 necromancers
  A deep elf mage (D:12)
  9 mana vipers
  A mana viper (shapeshifter) (D:15)
  A shining eye (shapeshifter) (Depths:4)
  3 orc knights
  25 ugly things
  A wolf spider (shapeshifter) (Depths:4)
  2 wizards (Depths:2)
  14 griffons
  20 salamanders
  14 manticores
  20 fauns
  An orc sorcerer (D:14)
  14 cyclopes
  A stone giant skeleton (Depths:1)
  27 elephants
  13 sirens
  4 guardian serpents
  3 rust devils
  29 naga magi
  8 water nymphs
  29 black mambas
  An orange demon (Depths:2)
  5 gargoyles
  12 spiny frogs
  A yaktaur zombie (Depths:1)
  3 rime drakes
  12 yaktaurs
  A spriggan skeleton (Depths:1)
  11 komodo dragons
  An efreet (Depths:4)
  5 freezing wraiths (D:15)
  A red devil (Depths:2)
  A polar bear (Lair:2)
  A wolf spider simulacrum (D:15)
  3 tengu conjurers
  A jumping spider (Depths:4)
  4 trolls
  8 two-headed ogres
  A slime creature (shapeshifter) (Depths:4)
  4 wind drakes
  27 merfolk
  2 boulder beetles (shapeshifter) (D:15)
  51 slime creatures
  A two-headed ogre (shapeshifter) (Depths:4)
  A fire dragon zombie (Depths:1)
  20 blink frogs
  12 snapping turtles
  3 boulder beetles
  A deep troll zombie (Depths:1)
  2 centaur simulacra (D:15)
  6 spriggans
  3 air elementals (Depths:2)
  6 water elementals
  13 redbacks
  A redback (shapeshifter) (Depths:4)
  2 tarantellas
  3 shadows
  6 wraiths
  A vampire (D:13)
  51 yaks
  10 basilisks
  A hog (shapeshifter) (D:15)
  2 fire bats (Depths:2)
  3 wyverns
  6 hungry ghosts
  9 vampire mosquitoes
  3 hogs (Shoals:1)
  14 hippogriffs
  An insubstantial wisp (Depths:4)
  A yaktaur simulacrum (Depths:1)
  A mottled dragon (D:11)
  37 nagas
  7 hell hounds (Depths:2)
  3 wargs
  16 water moccasins
  A soldier ant (D:12)
  11 porcupines
  A giant eyeball (shapeshifter) (Depths:3)
  2 tengu skeletons (Depths:1)
  13 orc warriors
  5 sky beasts
  2 black bears
  2 phantoms
  A black bear (shapeshifter) (Depths:4)
  2 wasps
  2 eyes of draining (Depths:1)
  A fire dragon simulacrum (Depths:1)
  20 ogres
  9 wolves
  15 centaurs
  17 crocodiles
  2 big kobolds
  A big kobold (shapeshifter) (Depths:3)
  18 giant frogs
  3 scorpions
  5 wights (D:8)
  8 killer bees
  2 electric eels
  4 howler monkeys
  5 crimson imps
  A giant frog zombie (D:6)
  4 centaur zombies
  9 hounds
  A quasit (D:13)
  A jelly (D:9)
  14 orc wizards
  3 centaur skeletons
  8 orc priests
  6 iguanas
  Natasha (twice) (D:2)
  7 worker ants
  42 sheep
  A hound zombie (D:10)
  4 hound skeletons
  A worker ant zombie (D:5)
  A gnoll (D:1)
  18 adders
  A howler monkey skeleton (D:6)
  82 river rats
  3 shadow imps
  An ooze (D:2)
  2 adder zombies
  2 adder skeletons (D:2)
  4 worms
  A dart slug (D:2)
  2 giant geckos
  50 orcs
  9 bats
  A bat skeleton (D:2)
  6 giant cockroaches
  12 hobgoblins
  32 kobolds
  A quokka (D:9)
  A ball python (D:4)
  A giant cockroach zombie (D:2)
  A giant gecko skeleton (D:4)
  6 giant newts
  12 goblins
  A jackal skeleton (D:2)
  5 rats
  A fungus (Lair:7)
  23 plants
  4 tentacles (Shoals:4)
1622 creatures vanquished.

Vanquished Creatures (collateral kills)
  Rupert (Lair:3)
  A hydra (Lair:6)
  A spiny frog (Lair:3)
  2 worker ants (D:14)
5 creatures vanquished.

Vanquished Creatures (others)
  A stone giant (Depths:2)
  A merfolk javelineer (Shoals:4)
  A yaktaur captain (Depths:4)
  A deep elf high priest (Depths:3)
  3 centaur warriors
  A satyr (Shoals:4)
  A naga sharpshooter (Snake:2)
  A manticore (Shoals:3)
  3 cyclopes (Orc:2)
  5 fauns
  A black mamba (Snake:4)
  A naga mage (Snake:4)
  A yaktaur (Depths:1)
  A human (Shoals:1)
  A hippogriff (Lair:8)
  A spatial vortex (Depths:1)
  A naga (Snake:4)
  6 centaurs
  Robin (D:2)
  A fire vortex (Depths:2)
  47 fungi
  23 plants
  7 tentacles (Shoals:4)
  5 tentacle segments (Shoals:4)
115 creatures vanquished.

Grand Total: 1742 creatures vanquished

Notes
Turn   | Place    | Note
--------------------------------------------------------------
     0 | D:1      | inmateoo the Troll Ice Elementalist began the quest for the Orb.
     0 | D:1      | Reached XP level 1. HP: 16/16 MP: 1/1
    16 | D:1      | Reached skill level 1 in Unarmed Combat
    16 | D:1      | Reached XP level 2. HP: 16/24 MP: 2/2
   294 | D:1      | Reached skill level 2 in Unarmed Combat
   627 | D:1      | Reached XP level 3. HP: 31/31 MP: 3/3
  1086 | D:2      | Noticed Natasha
  1118 | D:2      | Killed Natasha
  1118 | D:2      | Reached skill level 3 in Unarmed Combat
  1227 | D:2      | Found a shadowy altar of Dithmenos.
  1249 | D:2      | Reached XP level 4. HP: 39/39 MP: 4/4
  1291 | D:2      | Found a sparkling altar of Nemelex Xobeh.
  1300 | D:2      | Found a sacrificial altar of Ru.
  1349 | D:2      | Noticed Natasha
  1359 | D:2      | Killed Natasha
  1359 | D:2      | Reached skill level 4 in Unarmed Combat
  1560 | D:2      | Reached XP level 5. HP: 45/45 MP: 5/5
  1561 | D:2      | Noticed Robin
  1566 | D:2      | Killed Robin
  1621 | D:2      | Found a deep blue altar of Sif Muna.
  1865 | D:3      | Reached skill level 5 in Unarmed Combat
  1965 | D:3      | Found a radiant altar of Vehumet.
  1977 | D:3      | Found an iron altar of Okawaru.
  2183 | D:3      | Found a white marble altar of Elyvilon.
  2468 | D:4      | Reached XP level 6. HP: 53/53 MP: 6/6
  2498 | D:4      | Reached skill level 6 in Unarmed Combat
  2629 | D:4      | Noticed a sky beast
  2657 | D:4      | Killed a sky beast
  2657 | D:4      | Reached skill level 7 in Unarmed Combat
  2661 | D:4      | Gained mutation: You have a pair of small horns on your head. [mutagenic meat]
  2662 | D:4      | Gained mutation: Armour fits poorly on your strangely shaped body. [mutagenic meat]
  2663 | D:4      | Gained mutation: Your muscles are strong. (Str +2) [mutagenic meat]
  2664 | D:4      | Lost mutation: Your muscles are strong. (Str +2) [mutagenic meat]
  2815 | D:4      | Reached XP level 7. HP: 59/59 MP: 7/7
  3129 | D:5      | Entered Level 5 of the Dungeon
  3202 | D:5      | Found a snail-covered altar of Cheibriados.
  3210 | D:5      | Became a worshipper of Cheibriados the Contemplative
  3218 | D:5      | Gained mutation: Your spells are a little easier to cast, but a little less powerful. [potion of mutation]
  3218 | D:5      | Gained mutation: You are somewhat resistant to further mutation. [potion of mutation]
  3218 | D:5      | Lost mutation: Your spells are a little easier to cast, but a little less powerful. [potion of mutation]
  3335 | D:5      | Noticed a hill giant
  3368 | D:6      | Reached skill level 8 in Unarmed Combat
  3573 | D:6      | Reached skill level 9 in Unarmed Combat
  3709 | D:7      | Reached XP level 8. HP: 56/67 MP: 8/8
  3736 | D:7      | Reached * piety under Cheibriados
  3897 | D:7      | Reached skill level 10 in Unarmed Combat
  3978 | D:7      | Found a sacrificial altar of Ru.
  4328 | D:7      | Found an ancient bone altar of Kikubaaqudgha.
  4526 | D:8      | Reached skill level 11 in Unarmed Combat
  4574 | D:8      | Reached ** piety under Cheibriados
  4594 | D:8      | Reached XP level 9. HP: 30/74 MP: 9/9
  4705 | D:8      | Found a blossoming altar of Fedhas.
  5394 | D:5      | Reached skill level 12 in Unarmed Combat
  5577 | D:5      | Found a staircase to the Ecumenical Temple.
  5744 | D:5      | Killed a hill giant
  5744 | D:5      | Reached skill level 1 in Invocations
  5935 | D:9      | Noticed a troll
  5937 | D:9      | Killed a troll
  5961 | D:9      | Reached *** piety under Cheibriados
  6173 | D:9      | Reached skill level 13 in Unarmed Combat
  6204 | D:9      | Reached XP level 10. HP: 69/81 MP: 11/11
  6230 | D:9      | Reached **** piety under Cheibriados
  6671 | D:9      | Found a bloodstained altar of Trog.
  6837 | D:9      | Found a basalt altar of Yredelemnul.
  6838 | D:9      | Found a stormy altar of Qazlal.
  6941 | D:10     | Entered Level 10 of the Dungeon
  6951 | D:10     | Learned a level 3 spell: Ozocubu's Armour
  7130 | D:10     | You fall through a shaft for 2 floors!
  7160 | D:12     | Noticed a cyclops
  7209 | D:12     | Killed a cyclops
  7290 | D:12     | Noticed a five-headed hydra
  7296 | D:12     | Killed a seven-headed hydra
  7296 | D:12     | Reached skill level 1 in Fighting
  7296 | D:12     | Reached skill level 1 in Throwing
  7416 | D:12     | Noticed Josephine
  7435 | D:12     | Killed Josephine
  7528 | D:12     | Noticed a white ugly thing
  7555 | D:12     | Killed a white ugly thing
  7555 | D:12     | Reached XP level 11. HP: 71/93 MP: 13/13
  7621 | D:12     | Found a staircase to the Orcish Mines.
  7627 | D:13     | Noticed a hill giant
  7633 | D:12     | Killed a hill giant
  7633 | D:12     | Reached skill level 14 in Unarmed Combat
  7633 | D:12     | Reached skill level 5 in Invocations
  7776 | D:12     | Noticed a deep elf mage
  7782 | D:12     | Killed a deep elf mage
  7803 | D:12     | Noticed a death knight
  7814 | D:12     | Killed a death knight
  7900 | D:12     | Reached skill level 5 in Dodging
  7971 | D:11     | Noticed Gastronok
  7987 | D:11     | Found a flagged portal.
  8001 | Bailey   | Entered a bailey
  8011 | Bailey   | Reached ***** piety under Cheibriados
  8100 | Bailey   | Found a burning altar of Makhleb.
  8100 | Bailey   | Noticed an orc knight
  8151 | Bailey   | Killed an orc knight
  8191 | D:11     | Killed Gastronok
  8252 | D:11     | Noticed Urug
  8272 | D:11     | Killed Urug
  8348 | D:11     | Found a burning altar of Makhleb.
  8479 | D:11     | Noticed an unseen horror
  8489 | D:11     | Killed an unseen horror
  8576 | D:11     | Gained mutation: Your body sometimes deteriorates upon taking damage. [mutagenic meat]
  8588 | D:11     | Found a shattered altar of Ashenzari.
  8667 | D:11     | Noticed a purple ugly thing
  8675 | D:11     | Killed a purple ugly thing
  8729 | D:11     | Reached XP level 12. HP: 89/107 MP: 15/15
  8762 | D:11     | Gained mutation: Your muscles are strong. (Str +2) [mutagenic meat]
  8763 | D:11     | Gained mutation: Your body often deteriorates upon taking damage. [mutagenic meat]
  8765 | D:11     | Lost mutation: You have a pair of small horns on your head. [potion of cure mutation]
  8765 | D:11     | Lost mutation: Your body often deteriorates upon taking damage. [potion of cure mutation]
  8765 | D:11     | Lost mutation: Armour fits poorly on your strangely shaped body. [potion of cure mutation]
  8765 | D:11     | Lost mutation: Your body sometimes deteriorates upon taking damage. [potion of cure mutation]
  8879 | D:11     | Found a burning altar of Makhleb.
  9027 | D:11     | Noticed Erica
  9045 | D:11     | Killed Erica
  9045 | D:11     | Reached skill level 15 in Unarmed Combat
  9210 | D:10     | Found a staircase to the Lair.
  9460 | D:10     | Noticed a death yak
  9466 | D:10     | Killed a death yak
  9760 | D:12     | Reached skill level 5 in Throwing
  9976 | D:12     | Reached skill level 5 in Fighting
 10346 | D:13     | Noticed a death knight
 10357 | D:13     | Killed a death knight
 10623 | D:13     | Reached ****** piety under Cheibriados
 10633 | D:13     | Noticed a tengu warrior
 10643 | D:13     | Killed a tengu warrior
 10810 | D:13     | Reached XP level 13. HP: 117/119 MP: 17/17
 10911 | D:14     | Found a labyrinth entrance.
 10920 | Lab      | Entered a labyrinth
 11105 | Lab      | Reached skill level 1 in Armour
 11288 | Lab      | Reached skill level 1 in Shields
 11594 | Lab      | Noticed a minotaur
 11597 | Lab      | Killed a minotaur
 11597 | Lab      | Reached skill level 16 in Unarmed Combat
 11610 | Lab      | Identified Test's Collected Works on the Unstable Glacier
 11611 | Lab      | Got a creamy pearl robe
 11647 | D:14     | Identified the +0 robe "Tuggau" {MR+++ rCorr Str+2 Int-5} (You found it in a labyrinth)
 11851 | Lair:1   | Entered Level 1 of the Lair of Beasts
 11944 | Lair:1   | Learned a level 1 spell: Apportation
 12907 | Lair:2   | Learned a level 1 spell: Summon Butterflies
 12915 | Lair:2   | Learned a level 7 spell: Dragon Form
 13005 | Lair:2   | Gained mutation: You are frail (-10% HP). [potion of mutation]
 13638 | Lair:3   | Found a staircase to the Snake Pit.
 13638 | Lair:3   | Noticed Rupert
 13688 | Lair:3   | Found a staircase to the Shoals.
 13708 | Lair:3   | Identified a +2 rod of shadows (10/10) (You found it in a labyrinth)
 13953 | Lair:3   | Reached XP level 14. HP: 117/117 MP: 19/19
 15874 | Lair:5   | Noticed a ghost moth
 15874 | Lair:5   | an eight-headed hydra changed into a ghost moth
 15884 | Lair:5   | Killed a ghost moth
 15884 | Lair:5   | Reached skill level 17 in Unarmed Combat
 18396 | Lair:7   | Reached skill level 1 in Evocations
 18599 | Lair:8   | Entered Level 8 of the Lair of Beasts
 18613 | Lair:8   | Reached XP level 15. HP: 110/126 MP: 20/20
 18897 | Lair:8   | Found a staircase to the Slime Pits.
 18897 | Lair:8   | Found a viscous altar of Jiyva.
 19600 | Lair:8   | Reached skill level 5 in Armour
 19887 | Lair:8   | Identified a +3 rod of inaccuracy (11/11) (You found it on level 8 of the Lair of Beasts)
 20316 | Orc:1    | Entered Level 1 of the Orcish Mines
 20427 | Orc:2    | Entered Level 2 of the Orcish Mines
 20427 | Orc:2    | Found Nuacefac's General Store.
 20458 | Orc:2    | Bought a scroll of identify for 28 gold pieces
 20458 | Orc:2    | Bought a scroll of identify for 28 gold pieces
 20570 | Orc:2    | Found Meneoj's Antique Weapon Shop.
 20571 | Orc:2    | Noticed Chiseanne's ghost (journeyman TrMo)
 20588 | Orc:1    | Reached skill level 5 in Shields
 20904 | Orc:1    | Found a roughly hewn altar of Beogh.
 21006 | Orc:2    | Killed Chiseanne's ghost
 21033 | Orc:2    | Found a staircase to the Elven Halls.
 21093 | Orc:2    | Found Echome Temip's Jewellery Shoppe.
 21100 | Orc:2    | Noticed Snorg
 21105 | Orc:2    | Killed Snorg
 21202 | Orc:2    | Bought an uncursed ring of protection from cold for 300 gold pieces
 21202 | Orc:2    | Bought an uncursed ring of protection from magic for 300 gold pieces
 21441 | Orc:2    | Found Esui's Antique Armour Boutique.
 22540 | D:14     | Learned a level 3 spell: Regeneration
 22589 | D:14     | Reached skill level 18 in Unarmed Combat
 22667 | D:14     | Found a gate to the Vaults.
 22987 | D:15     | Entered Level 15 of the Dungeon
 23026 | D:15     | Reached XP level 16. HP: 126/136 MP: 21/21
 23115 | D:15     | Gained mutation: Your muscles are very strong. (Str +4) [mutagenic meat]
 23119 | D:15     | Gained mutation: Scrolls take you a little longer to read. [mutagenic meat]
 23178 | D:15     | Gained mutation: You can translocate small distances at will. [mutagenic meat]
 23182 | D:15     | Found a staircase to the Depths.
 24078 | D:15     | Found an opulent altar of Gozag.
 24299 | Depths:1 | Entered Level 1 of the Depths
 24399 | Depths:1 | Lost mutation: You are frail (-10% HP). [mutagenic meat]
 24621 | Depths:2 | Reached skill level 1 in Translocations
 24813 | Depths:1 | Got a heavily runed bone ring
 24971 | Depths:1 | Reached skill level 10 in Throwing
 25114 | Depths:1 | Identified the ring of the Marlin {SustAt Int-3 Dex+9} (You took it off a yaktaur on level 1 of the Depths)
 25141 | Depths:1 | Found Bufaim's Armour Shop.
 25203 | Depths:1 | Reached XP level 17. HP: 93/161 MP: 1/22
 25874 | Depths:1 | Gained mutation: You regenerate. [potion of mutation]
 25917 | Depths:1 | Found a corrupted altar of Lugonu.
 25918 | Depths:1 | Found a one-way gate to the infinite horrors of the Abyss.
 25966 | Depths:1 | Found a gateway to Hell.
 26042 | Depths:1 | Reached skill level 5 in Evocations
 26059 | Depths:1 | Gained mutation: You are clumsy. (Dex -2) [mutagenic meat]
 26068 | Depths:1 | Gained mutation: You are somewhat resistant to both further mutation and mutation removal. [mutagenic meat]
 26187 | Depths:2 | HP: 6/162 [spriggan air mage/the air (20)]
 26371 | Depths:2 | Noticed the Enchantress
 26575 | Depths:1 | Killed the Enchantress
 26600 | Depths:1 | Got a faerie dragon armour
 26616 | Depths:1 | Identified the +0 faerie dragon armour {rF+ Int+3} (You took it off the Enchantress on level 1 of the Depths)
 26902 | Depths:1 | Lost mutation: Scrolls take you a little longer to read. [mutagenic meat]
 27200 | Depths:2 | Noticed a lich
 27201 | Depths:2 | Noticed an Ice Fiend
 27206 | Depths:2 | Reached skill level 19 in Unarmed Combat
 27211 | Depths:2 | Killed a lich
 27334 | Depths:2 | Reached skill level 5 in Spellcasting
 27373 | Depths:2 | Learned a level 6 spell: Deflect Missiles
 27439 | Depths:2 | Reached XP level 18. HP: 172/172 MP: 24/24
 27855 | Depths:2 | Found a one-way gate leading to the halls of Pandemonium.
 27875 | Depths:2 | Found a gateway to a ziggurat.
 28356 | Depths:2 | Got a steaming demon trident {drain}
 28395 | Depths:2 | Identified the +3 demon trident of Duty {drain, Int+3 Stlth+} (You took it off a crimson imp on level 2 of the Depths)
 28591 | Depths:2 | Found a runed door.
 29694 | Depths:4 | Reached skill level 10 in Fighting
 30068 | Depths:4 | Gained mutation: Your spells are a little harder to cast, but a little more powerful. [mutagenic meat]
 30211 | Depths:4 | Reached XP level 19. HP: 144/182 MP: 26/26
 30394 | Depths:5 | Entered Level 5 of the Depths
 30667 | Depths:5 | Found a gate to the Realm of Zot.
 30676 | Depths:5 | Noticed a juggernaut
 30862 | Depths:5 | Killed a juggernaut
 30949 | Depths:5 | Noticed Jory
 30970 | Depths:5 | Killed Jory
 31145 | Depths:5 | Lost mutation: Your muscles are very strong. (Str +4) [mutagenic meat]
 31147 | Depths:5 | Gained mutation: You expend magic power (3 MP) to strengthen your wands. [mutagenic meat]
 31153 | Depths:5 | Gained mutation: You have sharp toenails. [mutagenic meat]
 31154 | Depths:5 | Gained mutation: You are covered in thick fur (AC +2). [mutagenic meat]
 31390 | Depths:5 | Reached skill level 20 in Unarmed Combat
 31820 | Depths:5 | Noticed a juggernaut
 31826 | Depths:5 | Killed a juggernaut
 32324 | Depths:3 | Gained mutation: You are partially covered in molten scales (AC +1). [mutagenic meat]
 32327 | Depths:3 | Gained mutation: You are frail (-10% HP). [mutagenic meat]
 32707 | Depths:3 | Reached XP level 20. HP: 151/173 MP: 28/28
 32939 | Depths:3 | Noticed a caustic shrike
 32948 | Depths:3 | Killed a caustic shrike
 33095 | Depths:3 | Got a heavily runed graven amulet
 33183 | Depths:3 | Paralysed by a sphinx for 2 turns
 33491 | Depths:4 | Identified the amulet "Zadghew" {Harm *Drain Stlth+} (You took it off a frost giant on level 3 of the Depths)
 33964 | Depths:3 | Lost mutation: Your muscles are strong. (Str +2) [mutagenic meat]
 34761 | Snake:1  | Entered Level 1 of the Snake Pit
 34905 | Snake:1  | Noticed Frances
 34912 | Snake:1  | Killed Frances
 34924 | Snake:1  | Found Daneneus's Magic Scroll Boutique.
 34994 | Snake:1  | Bought a scroll of identify for 22 gold pieces
 34994 | Snake:1  | Bought a scroll of blinking for 82 gold pieces
 34994 | Snake:1  | Bought a scroll of blinking for 82 gold pieces
 34994 | Snake:1  | Bought a scroll of fear for 38 gold pieces
 34994 | Snake:1  | Bought a scroll of teleportation for 33 gold pieces
 35155 | Snake:1  | Noticed Aizul
 35165 | Snake:1  | Killed Aizul
 35197 | Snake:1  | Found Keexod's General Store.
 35204 | Snake:1  | Noticed Donald
 35224 | Snake:1  | Killed Donald
 35296 | Snake:1  | Bought a scroll of identify for 22 gold pieces
 35296 | Snake:1  | Bought a scroll of identify for 22 gold pieces
 35932 | Snake:2  | Reached XP level 21. HP: 181/181 MP: 30/30
 36168 | Snake:2  | Noticed Vashnia
 36185 | Snake:2  | Killed Vashnia
 36185 | Snake:2  | Reached skill level 21 in Unarmed Combat
 36731 | Snake:3  | Reached skill level 10 in Armour
 37357 | Snake:4  | Entered Level 4 of the Snake Pit
 37585 | Snake:4  | Reached skill level 10 in Shields
 37813 | Snake:4  | Reached skill level 15 in Throwing
 37976 | Snake:4  | Got a serpentine rune of Zot
 38459 | Snake:4  | Gained mutation: You have a pair of small horns on your head. [mutagenic meat]
 38586 | Lair:3   | Killed Rupert
 38635 | Shoals:1 | Entered Level 1 of the Shoals
 39138 | Shoals:1 | Noticed Roxanne
 39146 | Shoals:1 | Killed Roxanne
 39162 | Shoals:1 | Learned a level 6 spell: Statue Form
 39223 | Shoals:1 | Reached skill level 1 in Transmutations
 39233 | Shoals:1 | Noticed Kirke
 39240 | Shoals:1 | Killed Kirke
 39241 | Shoals:1 | Reached skill level 1 in Earth Magic
 39400 | Shoals:1 | Got a flickering jade ring
 39817 | Shoals:2 | Noticed feelmyfire's ghost (adept MiFi)
 39817 | Shoals:2 | Identified the cursed ring of the Turtle {+Fly rPois Str-4 Dex-3 Slay+6} (You found it on level 1 of the Shoals)
 39844 | Shoals:2 | Killed feelmyfire's ghost
 40167 | Shoals:3 | Reached XP level 22. HP: 189/189 MP: 32/32
 40914 | Shoals:4 | Entered Level 4 of the Shoals
 40986 | Shoals:4 | Got a barnacled rune of Zot
 41263 | Shoals:4 | Identified the Grimoire of Dark Fire
 41395 | Shoals:4 | Got a scintillating turquoise ring
 41622 | Shoals:4 | Noticed Ilsuiw
 41645 | Shoals:4 | Slain by a merfolk javelineer

Vault maps used:
D:1:      zelgadis_glass_arrival_small
D:2:      lemuel_crystal_altar, led_sif_pool, nicolae_overflow_hidden_temple,
          serial_undead, serial_undead_d, serial_undead_b, serial_undead_c,
          serial_undead_a, minmay_misc_feat_ornament, uniq_natasha, uniq_robin
D:3:      elyvilon_altar_1, overflow_temple_1_default, hangedman_decor_opposing,
          kennysheep_okawaru_gauntlet
D:5:      cheibriados_altar_1, minmay_temple_entry_nine_rooms, first_bread
D:7:      lemuel_coloured_pillars_altar, basic_altar
D:8:      fedhas_altar_4
D:9:      kennysheep_little_box, gammafunk_temple_overflow_pools
D:10:     david_lair_generic, hangedman_fish_farm
D:11:     enter_bailey_2, basic_altar, hangedman_feature_mirror, uniq_urug,
          uniq_erica, uniq_gastronok
D:12:     orc_0_dummy, portal_ice_cave_entry_pillars_02, uniq_josephine
D:14:     grunt_vaults_entry_fortified, dk_noncrumbling_4, lab_entry_generic
D:15:     gammafunk_enter_depths_forms, nicolae_gozag_seed_capital, st_stairs_6
Lair:1:   minmay_lair_oklob_bushes
Lair:2:   serial_bayou_pond_e, serial_bayou_shore_a
Lair:3:   mu_elephants_graveyard, minmay_shoals_entry_centaurs,
          minmay_snake_entry_guardpost_small, uniq_rupert
Lair:5:   wad_woods_structure_01
Lair:6:   beast_lair_carwin_4, serial_bayou_shore_b, infiniplex_staircase_pool,
          grunt_megastairs_2, lemuel_fruit_fields
Lair:8:   evilmike_catoblepas_cave, slime_altar_1, lemuel_fruit_tree,
          grunt_megastairs_3
Shoals:1: nicolae_shoals_loop_pool, uniq_roxanne, uniq_kirke
Shoals:4: shoals_end_grunt_garden, shoals_ilsuiw_alternative,
          nicolae_shoals_kraken_intersection
Snake:1:  serial_shops, nicolae_shop_waterfront, shop, spider_trap,
          grunt_megastairs_4, uniq_aizul, uniq_donald, uniq_frances
Snake:2:  statue_in_the_mist_lemuel, uniq_vashnia
Snake:3:  spider_trap
Snake:4:  snake_pit
Orc:1:    kennysheep_orc_chapel
Orc:2:    grunt_orc_gardens, grunt_orc_garden, grunt_orc_garden,
          grunt_orc_garden, grunt_orc_garden, uniq_snorg
Depths:1: hell_entry, minmay_tree_intersection, abyss_entry_flame_altar,
          serial_shops, nicolae_shop_behind_doors, minislime_mu
Depths:2: mludivico_vault, enter_ziggurat_b, kennysheep_minor_cross, pan_entry,
          hellmouth_1, stair_cage_line, serial_bayou_shore_b,
          infiniplex_staircase_zigzag_1, uniq_enchantress
Depths:3: minmay_central_circle, minmay_misc_feat_enclosed, pf_coc_iceberg,
          pan_entry
Depths:4: hangedman_crystal_crosses_colossus, hell_entry, abyss_entry
Depths:5: evilmike_zot_entry_diamond, abyss_entry_small_statue_room,
          grunt_hell_entry_dis_old, uniq_jory
Lab:      nicolae_lab_x, nicolae_lab_blocks, nicolae_lab_grate,
          nicolae_lab_dead_end, nicolae_lab_arrow, labyrinth_skeletal_remains,
          nicolae_lab_plus, nicolae_lab_starburst
Bailey:   bailey_axe_3, bailey

Skill      XL: |  1  2  3  4  5  6  7  8  9 10 11 12 13 14 15 16 17 18 19 20 21 22 |
---------------+-------------------------------------------------------------------+-----
Unarmed Combat | 1 2 3 4 5 7 9 11 13 14 15 16 17 18 19 20 21 | 21.5
Dodging        | 3 4 5 6 7 8 |  8.0
Invocations    | 2 4 6 7 8 |  8.8
Fighting       | 2 4 5 6 7 8 9 10 11 | 11.5
Throwing       | 2 4 5 6 7 8 10 11 12 13 14 15 | 15.2
Armour         | 3 4 5 6 7 8 9 10 | 10.4
Shields        | 2 4 5 6 7 8 9 10 | 10.2
Evocations     | 1 3 4 5 6 7 |  7.5
Spellcasting   | 3 4 5 6 7 8 |  8.3
Translocations | 1 2 |  2.6
Transmutations | 2 4 |  4.4
Earth Magic    | 2 4 |  4.7
Stealth        | |  1.1
Conjurations   | |  0.6
Ice Magic      | |  2.1

Action                   |  1- 3 |  4- 6 |  7- 9 | 10-12 | 13-15 | 16-18 | 19-21 | 22-24 || total
-------------------------+-------+-------+-------+-------+-------+-------+-------+-------++-------
Melee: Unarmed           |   105 |   193 |   230 |   354 |  1286 |  1115 |  1352 |   243 ||  4878
       Punch             |       |     2 |    10 |    36 |       |       |       |       ||    48
       Headbutt          |       |       |    45 |    53 |       |       |    81 |    74 ||   253
       Kick              |       |       |       |       |       |       |   602 |   134 ||   736
Throw: Large rock        |       |       |       |    14 |    48 |    82 |   128 |    24 ||   296
       Tomahawk          |       |       |       |    27 |       |       |       |       ||    27
       Javelin           |       |       |       |    20 |       |       |       |       ||    20
       Throwing net      |       |       |       |    10 |     7 |       |       |       ||    17
 Cast: Ozocubu's Armour  |       |       |       |     1 |       |       |       |       ||     1
       Apportation       |       |       |       |       |       |    10 |       |       ||    10
       Regeneration      |       |       |       |       |       |       |     1 |       ||     1
       Summon Butterflie |       |       |       |       |       |       |     3 |       ||     3
Invok: Slouch            |       |       |       |     1 |     2 |    15 |    11 |     6 ||    35
 Abil: Blink             |       |       |       |       |       |     2 |       |       ||     2
Evoke: Wand              |       |       |       |       |     7 |     6 |     6 |       ||    19
       Rod               |       |       |       |       |     6 |     2 |     6 |       ||    14
       Deck              |       |       |       |       |     3 |       |     7 |       ||    10
       Phantom mirror    |       |       |       |       |       |       |     1 |       ||     1
       Stone of tremors  |       |       |       |       |       |       |     1 |       ||     1
  Use: Scroll            |       |     6 |    12 |     8 |    11 |    10 |    15 |     1 ||    63
       Potion            |       |       |     2 |     7 |     2 |     7 |     7 |     1 ||    26
 Stab: Sleeping          |     1 |     2 |     4 |     1 |    10 |       |       |       ||    18
       Distracted        |       |       |       |     2 |     2 |     1 |     2 |       ||     7
       Held in net/web   |       |       |       |     5 |     2 |       |       |       ||     7
       Petrified         |       |       |       |       |     2 |       |       |       ||     2
  Eat: Chunk             |    10 |    24 |    23 |    41 |    81 |    76 |    86 |    16 ||   357
       Pizza             |       |       |       |       |     6 |     1 |     3 |       ||    10
       Fruit             |       |       |       |       |     4 |     6 |    11 |       ||    21
       Beef jerky        |       |       |       |       |     4 |     1 |     1 |       ||     6
       Meat ration       |       |       |       |       |     1 |       |       |       ||     1
       Royal jelly       |       |       |       |       |     1 |     1 |       |       ||     2
Armor: Robe              |    48 |    44 |    57 |    32 |     9 |       |       |       ||   190
       Mottled dragon hi |       |       |       |    23 |       |       |       |       ||    23
       Mottled dragon ar |       |       |       |     5 |   290 |   147 |   127 |       ||   569
       Skin              |       |       |       |       |       |     9 |       |       ||     9
       Storm dragon armo |       |       |       |       |       |       |   210 |   107 ||   317
Dodge: Dodged            |    75 |    81 |   107 |   235 |   414 |   296 |   414 |   117 ||  1739
Block: Shield            |       |       |       |    16 |  1131 |   906 |  1423 |   383 ||  3859
       Reflection        |       |       |       |       |    52 |    42 |   216 |    71 ||   381
       Other             |       |       |       |       |     2 |       |       |       ||     2
